 Dungeon Crawl Stone Soup version 0.31-a0-960-g0fca184906 (webtiles) character file.

Game seed: 717778576049462337

483904 Persephone the Skinwalker (level 23, -2/299 HPs)
             Began as a Troll Shapeshifter on Oct 20, 2023.
             Was the Champion of the Shining One.
             Slain by a tentacled monstrosity (19 damage)
             ... on level 1 of the Realm of Zot on Oct 23, 2023.
             The game lasted 02:07:09 (40011 turns).

Persephone the Skinwalker (Troll Shapeshifter)     Turns: 40011, Time: 02:07:10

Health: -2/299     AC: 44    Str: 40    XL:     23   Next: 46%
Magic:  12/13      EV:  6    Int:  1    God:    the Shining One [******]
Gold:   2008       SH: 30    Dex: 11    Spells: 22/22 levels left

rFire   . .          .
                       - Unarmed
rCold   + . .        d - +0 tower shield
rNeg    + + +        q - melded +1 robe of Vines {NoPotionHeal Regen++++}
rPois   ∞            Z - +1 hat
rElec   +            b - +0 cloak
rCorr   .            (gloves unavailable)
SInv    .            (boots unavailable)
Will    ++++.        c - amulet of reflection
Stlth   +            E - ring "Titsich" {rC+ rN+ AC+4 Int-3}
HPRegen 1.49/turn    a - ring "Vimur" {Will+++ MP-9 Str+6 Int-2 Slay+3}
MPRegen 0.13/turn

%: reflection
@: divinely shielded, statue-form, slowed, glowing, constricted, studying 4
skills, very slow
A: slow and powerful, torment resistance 1, boosted hp, large, unfitting armour,
claws 3, regeneration 1, (shaggy fur 1), (tough skin 1)
}: 3/15 runes: decaying, serpentine, silver
a: Begin Untransformation, Renounce Religion, Divine Shield, Cleansing Flame,
Summon Divine Warrior, Brand Weapon With Holy Wrath


You were on level 1 of the Realm of Zot.
You worshipped the Shining One.
The Shining One was exalted by your worship.
You were a living statue of rough stone.
You visited 8 branches of the dungeon, and saw 40 of its levels.
You visited 1 bazaar.
You also visited: Trove and Ossuary.

You collected 8720 gold pieces.
You spent 6712 gold pieces at shops.

Inventory:

Missiles
 m - 52 boomerangs
 C - 86 large rocks (quivered)
Armour
 b - a +0 cloak (worn)
 d - a +0 tower shield (worn)
 q - the +1 robe of Vines (melded) {NoPotionHeal Regen++++}
   (You bought it in a shop on level 2 of the Orcish Mines)

   NoPotionHeal: Its wearer cannot be healed by potions.
   Regen++++: It increases your rate of health regeneration.
 Z - a +1 hat (worn)
Jewellery
 a - the ring "Vimur" (right claw) {Will+++ MP-9 Str+6 Int-2 Slay+3}
   (You acquired it on level 8 of the Dungeon)

   [ring of strength]

   Str+6:     It affects your strength (+6).
   Int-2:     It affects your intelligence (-2).
   Slay+3:    It affects your accuracy & damage with ranged weapons and melee
   (+3).
   Will+++:   It greatly increases your willpower.
   MP-9:      It affects your magic capacity (-9).
 c - an amulet of reflection (around neck)
 n - an amulet of the acrobat
 r - a +4 ring of protection
 s - a +6 ring of dexterity
 v - a ring of flight
 E - the ring "Titsich" (left claw) {rC+ rN+ AC+4 Int-3}
   (You bought it in a shop on level 2 of the Depths)

   [ring of protection]

   AC+4:      It affects your AC (+4).
   Int-3:     It affects your intelligence (-3).
   rC+:       It protects you from cold.
   rN+:       It protects you from negative energy.
 G - a ring of protection from fire
 K - the amulet "Efimisag" {Faith Will+}
   (You found it in a treasure trove)

   [amulet of faith]

   Faith:     It allows you to gain divine favour quickly.
   Will+:     It increases your willpower.
 S - an amulet of guardian spirit
 Y - an amulet of regeneration
Talismans
 X - a granite talisman
Wands
 u - a wand of paralysis (47)
 H - a wand of digging (10)
 P - a wand of iceblast (18)
 Q - a wand of flame (33)
 V - a wand of mindburst (9)
Scrolls
 g - 6 scrolls of fog
 o - 5 scrolls of amnesia
 y - 6 scrolls of enchant armour
 D - 8 scrolls of enchant weapon
 F - 4 scrolls of revelation
 I - 5 scrolls of poison
 J - 12 scrolls of teleportation
 L - 3 scrolls of fear
 N - 6 scrolls of vulnerability
 O - 14 scrolls of identify
 R - 4 scrolls of summoning
 T - 3 scrolls of brand weapon
Potions
 e - 17 potions of degeneration
 f - 20 potions of curing
 h - 2 potions of heal wounds
 i - 6 potions of lignification
 j - 2 potions of ambrosia
 k - 8 potions of brilliance
 l - 4 potions of might
 p - 8 potions of enlightenment
 w - 12 potions of mutation
 x - 8 potions of haste
 z - 2 potions of berserk rage
 A - 4 potions of resistance
 B - 3 potions of magic
 M - 3 potions of attraction
 U - 2 potions of cancellation
 W - 3 potions of invisibility


   Skills:
 - Level 13.9 Fighting
 + Level 7.6 Throwing
 - Level 3.6 Armour
 - Level 1.5 Dodging
 + Level 17.6 Shields
 - Level 24.3 Unarmed Combat
 - Level 25.0 Shapeshifting


You had 22 spell levels left.
You didn't know any spells.
Your spell library contained the following spells:

 Spells                   Type           Power      Damage    Failure   Level
 Apportation              Tloc           0%         N/A       73%         1
 Foxfire                  Conj/Fire      0%         2x1d4     73%         1
 Kiss of Death            Conj/Necr      0%         2d5       73%         1
 Magic Dart               Conj           0%         1d3       73%         1
 Slow                     Hex            0%         N/A       73%         1
 Summon Small Mammal      Summ           0%         N/A       73%         1
 Call Imp                 Summ           0%         N/A       86%         2
 Jinxbite                 Hex            0%         N/A       86%         2
 Lesser Beckoning         Tloc           0%         N/A       86%         2
 Poisonous Vapours        Pois/Air       0%         N/A       86%         2
 Call Canine Familiar     Summ           0%         N/A       97%         3
 Confusing Touch          Hex            0%         N/A       97%         3
 Dazzling Flash           Conj/Hex       0%         N/A       97%         3
 Gell's Gravitas          Tloc           0%         N/A       97%         3
 Hailstorm                Conj/Ice       0%         3d3       97%         3
 Ignite Poison            Fire/Tmut/Pois 0%         N/A       97%         3
 Inner Flame              Hex/Fire       0%         N/A       97%         3
 Mephitic Cloud           Conj/Pois/Air  0%         N/A       97%         3
 Ozocubu's Armour         Ice            0%         N/A       97%         3
 Sigil of Binding         Hex            0%         N/A       97%         3
 Summon Guardian Golem    Hex/Summ       0%         N/A       97%         3
 Teleport Other           Tloc           0%         N/A       97%         3
 Tukima's Dance           Hex            0%         N/A       97%         3
 Vampiric Draining        Necr           0%         2d6       97%         3
 Volatile Blastmotes      Fire/Tloc      0%         2d10      97%         3
 Animate Armour           Summ/Erth      0%         N/A       100%        4
 Brom's Barrelling Bould  Conj/Erth      0%         2d3       100%        4
 Dimensional Bullseye     Hex/Tloc       0%         N/A       100%        4
 Dispel Undead            Necr           0%         3d6       100%        4
 Flame Wave               Conj/Fire      0%         2d4       100%        4
 Fulminant Prism          Conj/Hex       0%         3d5       100%        4
 Iskenderun's Mystic Bla  Conj/Tloc      0%         2d3       100%        4
 Petrify                  Tmut/Erth      0%         N/A       100%        4
 Sticky Flame             Conj/Fire      0%         2d3       100%        4
 Summon Ice Beast         Ice/Summ       0%         N/A       100%        4
 Summon Lightning Spire   Summ/Air       0%         N/A       100%        4
 Agony                    Necr           0%         N/A       100%        5
 Alistair's Intoxication  Tmut/Pois      0%         N/A       100%        5
 Fireball                 Conj/Fire      0%         3d3       100%        5
 Freezing Cloud           Conj/Ice/Air   0%         6-21      100%        5
 Irradiate                Conj/Tmut      0%         3d11      100%        5
 Iskenderun's Battlesphe  Conj           0%         2d6       100%        5
 Lee's Rapid Deconstruct  Erth           0%         3d4*      100%        5
 Metabolic Englaciation   Hex/Ice        0%         N/A       100%        5
 Silence                  Hex/Air        0%         N/A       100%        5
 Summon Forest            Summ/Tloc      0%         N/A       100%        5
 Summon Mana Viper        Hex/Summ       0%         N/A       100%        5
 Bombard                  Conj/Erth      0%         9d1       100%        6
 Conjure Ball Lightning   Conj/Air       0%         3x3d6     100%        6
 Dispersal                Tloc           0%         N/A       100%        6
 Eringya's Noxious Bog    Tmut/Pois      0%         4d6       100%        6
 Simulacrum               Ice/Necr       0%         N/A       100%        6
 Monstrous Menagerie      Summ           0%         N/A       100%        7
 Orb of Destruction       Conj           0%         9d5       100%        7
 Ozocubu's Refrigeration  Ice            0%         4d7       100%        7
 Spellforged Servitor     Conj/Summ      0%         N/A       100%        7
 Summon Hydra             Summ           0%         N/A       100%        7
 Ignition                 Fire           0%         3d3       100%        8
 Sublimation of Blood     Necr           Unusable   N/A       N/A         2

Dungeon Overview and Level Annotations

Branches:
Dungeon (15/15)            Temple (0/1) D:7            Lair (5/5) D:9
  Swamp (4/4) Lair:3        Snake (4/4) Lair:2        Slime (0/5) Lair:4
    Orc (2/2) D:12            Elf (0/3) Orc:2        Vaults (5/5) D:14
  Crypt (0/3) Vaults:2     Depths (4/4) D:15            Zot (1/5) Depths:4
Ossuary (visited)

Altars:
Cheibriados
Elyvilon
Gozag
Hepliaklqana
Kikubaaqudgha
Makhleb
Ru
Uskayaw
Wu Jian
Xom
Zin
The Shining One
Jiyva

Shops:
D:3 (   D:10 ?   Orc:2 *(*?*   Snake:2 **   Snake:3 !?   Vaults:1 [*(
Vaults:2 (   Vaults:4 !   Depths:2 =:=

Portals:
Hell: Depths:1 Depths:2 Depths:3 Depths:4
Abyss: Depths:1 Depths:3
Pandemonium: Depths:2
Ziggurat: Depths:2

Annotations:
D:8 2 runed translucent doors
D:9 exclusion: oklob sapling
Lair:3 exclusion: oklob plant
Lair:4 2 transporters


Innate Abilities, Weirdness & Mutations

You are a living statue of rough stone.
Your actions are slow, but your melee attacks are powerful.
You are resistant to unholy torment.
Your maximum health is greatly increased.
Your equipment is partially melded.
You are too large for most types of armour.
You are immune to poison.
You have claws for hands.
Your natural rate of healing is unusually fast.
((You are covered in fur. (AC +1)))
((You have tough skin. (AC +1)))


Message History

The tentacled monstrosity tentacle-slaps you but does no damage. x3
The tentacled monstrosity constricts you.
The death cob hits you!
* * * LOW HITPOINT WARNING * * *
The death cob drains your vigour!
You feel as though you will be slow longer.
The moth of wrath goads the storm dragon on!
The storm dragon goes berserk!
The yellow draconian hits you with a +0 hand axe.
* * * LOW HITPOINT WARNING * * *
The storm dragon bites you!!
* * * LOW HITPOINT WARNING * * *
The storm dragon claws you!
* * * LOW HITPOINT WARNING * * *
The storm dragon tramples you but does no damage.
The death cob closely misses you.
You hear a chilling moan.
You hear a roar! x3
As you read the scroll of summoning, it crumbles to dust.
Wisps of shadow whirl around you...
Your red draconian scorcher dissolves into shadows!
You block the death cob's attack. x2; The death cob barely misses you. x2
The storm dragon barely misses you. You block the storm dragon's attack. x2
The death cob hits you but does no damage.
You block the tentacled monstrosity's attack.
The tentacled monstrosity tentacle-slaps you but does no damage.
You block the tentacled monstrosity's attack.
The tentacled monstrosity constricts you.
* * * LOW HITPOINT WARNING * * *
The yellow draconian hits you with a +0 hand axe.
* * * LOW HITPOINT WARNING * * *
The yellow draconian hits your yellow draconian with a +0 hand axe!!
The yellow draconian barely misses your purple draconian shifter.
The yellow draconian hits your moth of wrath with a +0 hand axe!
The death cob hits you but does no damage.
You block the storm dragon's attack. The storm dragon barely misses you.
The storm dragon tramples you.
* * * LOW HITPOINT WARNING * * *
You are held in place!
The moth of wrath barely misses you.
The tentacled monstrosity tentacle-slaps you!!
You die...

$...qD.##,,,,##,,,*,,,** **,,,,,,
.D.D...##*....##****,,,***,,,,,,,
...##..##*,y...######,,.*,,,,,,,,
.d.##..##***....#...#,..,,,,,,,,,
yy###..## *#.......#..),,,,*****
dq###.d######..q....y...,,,,*
DdD...............d.....*,,,**
.z##..d.#...#.dzXDd.....**,,,**
.∩##....#...#.dy8zqq....,*,,,,***
.z##...#######..dd..d...,,,,,,,,*
..###..## ##y.q.d....,,,,,,,,*
..##...## ##ddd.#...,,,,,,,,,
..##...## ##.q.#*..,,,,,**,,
.z##...## *####*,.,,,,,,*,,
..##...## *,,,,,,,,,,, ..###..##
*,,,,,,,,,,, ,,***,,*
***,,,,,,,,,


You could see a tentacled monstrosity (berserk, ally target), a storm dragon
(berserk, ally target), a yellow draconian (berserk, ally target), a purple
draconian (berserk), a red draconian (berserk), 2 death cobs, 3 moths of wrath,
2 friendly draconians, a friendly black draconian (summoned), 3 friendly
draconians, 2 friendly draconians, a friendly purple draconian (summoned), a
friendly red draconian (summoned), 3 friendly draconians and a friendly moth of
wrath (summoned).

Vanquished Creatures
  A dread lich (Vaults:5)
  An ancient lich (Vaults:5)
  A juggernaut (Depths:4)
  3 caustic shrikes (Depths:4)
  Norris (Depths:3)
  4 golden dragons
  A bone dragon (Swamp:4)
  6 tentacled monstrosities
  A walking crystal tome (Depths:4)
  Zenata (Vaults:3)
  Asterion (Vaults:1)
  3 quicksilver dragons
  7 sphinxes
  2 titans (Vaults:5)
  Frances (D:12)
  A thorn hunter (Swamp:1)
  4 storm dragons
  8 tengu reavers
  3 fenstrider witches
  Roxanne (Swamp:4)
  3 shadow dragons (Vaults:5)
  A draconian monk (Depths:4)
  3 nagarajas
  The ghost of Renyugh the Severer, a journeyman MiFi of the Shining One (D:15)
  Aizul (Snake:1)
  7 frost giants
  3 fire giants
  A deep elf sorcerer (Vaults:5)
  An iron dragon (Vaults:5)
  Louise (Snake:1)
  22 vault wardens
  A balrug (Depths:3)
  2 formless jellyfish
  3 war gargoyles (Vaults:5)
  An orc warlord (Vaults:3)
  37 very ugly things
  13 ironbound thunderhulks
  15 stone giants
  A stone giant (shapeshifter) (Vaults:1)
  26 ironbound preservers
  2 eleionomae (Swamp:4)
  2 vampire knights (Depths:4)
  3 deep elf annihilators (Vaults:5)
  A deep elf demonologist (Vaults:5)
  A black draconian (Depths:4)
  A red draconian (Depths:4)
  5 bunyips
  20 dire elephants
  A purple draconian (Depths:4)
  4 spark wasps
  5 deep elf death magi
  7 ettins
  9 fire dragons
  A quicksilver dragon zombie (Vaults:3)
  16 yaktaur captains
  10 hydras
  6 great orbs of eyes
  A peacekeeper (Vaults:4)
  32 vault guards
  A rakshasa (Depths:2)
  3 entropy weavers
  3 salamander tyrants (Snake:4)
  7 ice dragons
  A spriggan air mage (Depths:4)
  3 ghost crabs
  7 ironbound frosthearts
  10 anacondas
  2 ogre magi
  11 alligators
  7 boulder beetles
  8 two-headed ogres
  A death knight (Vaults:2)
  8 deep troll earth magi
  9 deep troll shamans
  12 tengu warriors
  13 centaur warriors
  8 naga warriors
  4 death yaks (Lair:5)
  2 occultists
  2 spriggan berserkers (Depths:3)
  2 vampire magi
  9 orc high priests
  8 hell knights
  9 shock serpents
  A titan zombie (Vaults:2)
  10 naga sharpshooters
  11 spriggans
  2 sun demons (Depths:3)
  A titan skeleton (Vaults:5)
  A spectral bunyip (Swamp:4)
  7 arcanists
  3 skysharks
  Lodul (D:14)
  A sea snake (shapeshifter) (Depths:4)
  7 iron trolls
  A salamander mystic (Snake:2)
  6 spriggan druids
  6 goliath frogs
  5 skeletal warriors (D:15)
  2 flayed ghosts
  6 swamp dragons
  69 deep trolls
  2 glowing orange brains
  2 spectral hydras (Swamp:4)
  4 phantasmal warriors
  7 lindwurms
  9 naga ritualists
  10 bog bodies
  2 harpies (Depths:3)
  19 ironbound convokers
  A steelbarb worm (shapeshifter) (Vaults:5)
  3 alligator zombies (Swamp:4)
  5 deep elf pyromancers
  27 ugly things
  13 mana vipers
  7 necromancers
  5 orc knights
  9 salamanders
  A manticore (D:13)
  18 elephants
  8 cyclopes
  4 orc sorcerers
  3 will-o-the-wisps
  2 frost giant skeletons
  17 vault sentinels
  An iron dragon skeleton (Vaults:5)
  A stone giant skeleton (Vaults:4)
  19 slime creatures
  2 ice statues (Snake:2)
  11 naga magi
  An elf zombie (Vaults:3)
  4 guardian serpents
  38 black mambas
  2 fire giant skeletons
  20 cane toads
  A torpor snail (Lair:1)
  46 yaktaurs
  3 swamp worm zombies (Swamp:4)
  5 komodo dragons
  Psyche (D:10)
  6 rime drakes
  6 freezing wraiths
  2 hydra zombies (Swamp:4)
  A meliai (shapeshifter) (D:14)
  8 trolls
  3 meliai (D:14)
  A merfolk (shapeshifter) (Vaults:5)
  11 hornets
  2 hornets (shapeshifter)
  A polar bear (Lair:3)
  8 tyrant leeches
  Grinder (D:5)
  28 blink frogs
  4 dream sheep (D:10)
  3 spectral swamp dragons (Swamp:4)
  2 ettin zombies
  3 human simulacra
  2 water elementals
  An ettin skeleton (Vaults:3)
  A spriggan (shapeshifter) (D:15)
  3 shadows
  A vampire (D:14)
  65 yaks
  A wyvern (Lair:3)
  A wraith (Vaults:2)
  2 hogs (shapeshifter) (D:14)
  A human (shapeshifter) (D:11)
  2 basilisks
  A steam dragon (D:8)
  8 vampire mosquitoes
  3 redbacks (Vaults:2)
  21 nagas
  2 acid dragons (D:9)
  6 wargs
  18 swamp worms
  18 water moccasins
  A swamp drake (Swamp:3)
  13 orc warriors
  A swamp drake (shapeshifter) (D:14)
  5 swamp dragon zombies (Swamp:4)
  4 black bears
  An ice beast (D:5)
  2 sky beasts (D:6)
  A tengu (shapeshifter) (D:14)
  An ettin simulacrum (Vaults:4)
  4 wolves (Lair:1)
  17 ogres
  12 centaurs
  A human skeleton (Vaults:4)
  8 phantoms
  2 kobold brigands
  19 bullfrogs
  A gnoll sergeant (D:11)
  An ogre simulacrum (Vaults:5)
  6 scorpions
  13 wights
  3 troll zombies (D:12)
  19 killer bees
  3 electric eels
  6 howler monkeys
  A centaur zombie (Ossuary)
  3 human zombies
  2 gnoll boudas
  Crazy Yiuf (D:2)
  2 hounds (D:5)
  29 orc priests
  7 jellies
  12 iguanas
  Terence (D:3)
  A sleepcap (D:5)
  13 orc wizards
  2 spectral swamp drakes (Swamp:4)
  3 ogre zombies (D:12)
  3 mummies (Ossuary)
  13 adders
  8 gnolls
  A shadow imp (D:7)
  A white imp (Vaults:2)
  2 ufetubi (D:7)
  A worm (D:5)
  2 dart slugs
  85 orcs
  4 bats (D:1)
  12 endoplasms
  2 giant cockroaches
  2 gnoll zombies (D:12)
  8 goblins
  10 hobgoblins
  9 jackals
  13 kobolds
  3 quokkas
  11 ball pythons
  5 frilled lizards
  5 gnoll skeletons (D:12)
  4 goblin zombies (Ossuary)
  A hobgoblin zombie (Ossuary)
  A kobold zombie (Ossuary)
  3 orc skeletons (D:12)
  9 orc zombies (D:12)
  3 rats
1633 creatures vanquished.

Vanquished Creatures (others)
  A lich (Vaults:5)
  A white draconian (Depths:4)
  A naga warrior (Snake:1)
  A black mamba (Snake:1)
  A guardian serpent (Snake:4)
  2 bloated husks (Swamp:4)
  5 dream sheep (D:7)
  2 phantoms (Swamp:4)
  A spectral swamp drake (Swamp:4)
  2 foxfires (Swamp:1)
17 creatures vanquished.

Grand Total: 1650 creatures vanquished

Notes
Turn   | Place    | Note
-------+----------+-------------------------------------------
     0 | D:1      | Persephone the Troll Shapeshifter began the quest for the
                  | Orb.
     0 | D:1      | Reached XP level 1. HP: 18/18 MP: 0/0
    85 | D:1      | Reached skill level 1 in Fighting
   162 | D:1      | Reached XP level 2. HP: 27/27 MP: 1/1
   661 | D:2      | Reached XP level 3. HP: 33/33 MP: 2/2
   721 | D:2      | Found a runed translucent door.
   722 | D:2      | Noticed Crazy Yiuf
   794 | D:2      | Killed Crazy Yiuf
   916 | D:2      | Reached XP level 4. HP: 33/42 MP: 3/3
  1655 | D:3      | Found Diecaxt's Weapon Emporium.
  1767 | D:3      | Reached XP level 5. HP: 48/49 MP: 4/4
  1770 | D:3      | Found an ancient bone altar of Kikubaaqudgha.
  2166 | D:3      | Noticed Terence
  2175 | D:3      | Killed Terence
  2457 | D:4      | Reached skill level 5 in Unarmed Combat
  2457 | D:4      | Reached skill level 4 in Shapeshifting
  2728 | D:4      | Reached XP level 6. HP: 59/59 MP: 5/5
  2924 | D:5      | Entered Level 5 of the Dungeon
  3010 | D:5      | Found a glowing golden altar of the Shining One.
  3011 | D:5      | Found a hide-covered altar of Uskayaw.
  3386 | D:5      | Found a white marble altar of Elyvilon.
  3420 | D:5      | Noticed an ice beast
  3430 | D:5      | Killed an ice beast
  3431 | D:5      | Reached XP level 7. HP: 67/67 MP: 6/6
  3471 | D:5      | Noticed Grinder
  3480 | D:5      | Killed Grinder
  3538 | D:5      | Found a sand-covered staircase.
  3549 | Ossuary  | Entered an ossuary
  3640 | Ossuary  | Reached skill level 5 in Shapeshifting
  3992 | D:5      | Found a snail-covered altar of Cheibriados.
  3992 | D:5      | Found an ornate altar of the Wu Jian Council.
  3996 | D:5      | Found a hazy altar of Hepliaklqana.
  4111 | D:5      | Reached XP level 8. HP: 77/78 MP: 7/7
  4293 | D:5      | Became a worshipper of the Shining One
  4962 | D:7      | Noticed a dream sheep
  4962 | D:7      | Noticed a dream sheep
  4962 | D:7      | Noticed a dream sheep
  4962 | D:7      | Noticed a dream sheep
  4962 | D:7      | Noticed a dream sheep
  4962 | D:7      | Found a shimmering altar of Xom.
  4966 | D:7      | Killed a dream sheep
  4967 | D:7      | Killed a dream sheep
  4967 | D:7      | Killed a dream sheep
  4967 | D:7      | Killed a dream sheep
  4968 | D:7      | Killed a dream sheep
  5011 | D:7      | Reached skill level 6 in Shapeshifting
  5036 | D:7      | Reached * piety under the Shining One
  5049 | D:7      | Found a burning altar of Makhleb.
  5118 | D:7      | Reached XP level 9. HP: 87/87 MP: 8/8
  5132 | D:7      | Reached skill level 5 in Fighting
  5169 | D:7      | Found a staircase to the Ecumenical Temple.
  5337 | D:7      | Found a sacrificial altar of Ru.
  5778 | D:8      | Identified a scroll of acquirement
  5778 | D:8      | Acquired the ring "Vimur" {Will+++ MP-9 Str+6 Int-2 Slay+3}
  5855 | D:8      | Found a large runed translucent door.
  5886 | D:8      | Found a large runed translucent door.
  6046 | D:8      | Found a glowing silver altar of Zin.
  6068 | D:8      | Reached skill level 7 in Shapeshifting
  6143 | D:8      | Found an opulent altar of Gozag.
  6365 | D:9      | Identified the "Wuill"
  6412 | D:9      | Reached skill level 8 in Shapeshifting
  6425 | D:9      | Reached ** piety under the Shining One
  6435 | D:9      | Reached XP level 10. HP: 96/96 MP: 0/9
  6466 | D:9      | Reached skill level 9 in Shapeshifting
  6674 | D:9      | Found a staircase to the Lair.
  6674 | D:9      | Noticed an elephant
  6679 | D:9      | Killed an elephant
  6680 | D:9      | Reached skill level 10 in Shapeshifting
  6680 | D:9      | Reached skill level 10 in Unarmed Combat
  7415 | D:10     | Entered Level 10 of the Dungeon
  7738 | D:10     | Reached XP level 11. HP: 106/106 MP: 1/10
  7769 | D:10     | Found Gunn's Magic Scroll Shoppe.
  7947 | D:10     | Noticed Psyche
  7953 | D:10     | Killed Psyche
  8318 | D:11     | Reached *** piety under the Shining One
  9104 | D:12     | Identified the "Zeipu"
  9104 | D:15     | Identified the "Seobboq"
  9104 | Lair:1   | Entered Level 1 of the Lair of Beasts
  9204 | Lair:1   | Reached skill level 11 in Shapeshifting
  9813 | Lair:2   | Found a staircase to the Snake Pit.
  9985 | Lair:2   | Reached XP level 12. HP: 104/118 MP: 11/11
 10979 | D:12     | Noticed a boulder beetle
 10990 | D:12     | Killed a boulder beetle
 11098 | D:12     | Noticed a six-headed hydra
 11107 | D:12     | Killed a six-headed hydra
 11108 | D:12     | Reached skill level 12 in Shapeshifting
 11192 | D:12     | Noticed a boulder beetle
 11215 | D:12     | Killed a boulder beetle
 11325 | D:12     | Reached **** piety under the Shining One
 11363 | D:12     | Reached ***** piety under the Shining One
 11417 | D:12     | Found a staircase to the Orcish Mines.
 11509 | D:12     | Noticed Frances
 12027 | Lair:3   | Reached XP level 13. HP: 130/130 MP: 3/12
 12034 | Lair:3   | Reached skill level 15 in Unarmed Combat
 12355 | Lair:3   | Found a dark tunnel.
 12394 | Lair:3   | Found a staircase to the Swamp.
 13058 | D:12     | Killed Frances
 13222 | Orc:1    | Entered Level 1 of the Orcish Mines
 13468 | Orc:1    | Reached skill level 13 in Shapeshifting
 13732 | Orc:2    | Entered Level 2 of the Orcish Mines
 13883 | Orc:2    | Reached ****** piety under the Shining One
 13953 | Orc:2    | Found a staircase to the Elven Halls.
 14020 | Orc:2    | Found Suida's Assorted Antiques.
 14020 | Orc:2    | Found Eqattasi's Magic Scroll Shop.
 14350 | Orc:2    | Found Nelexe Qusu's General Store.
 14419 | Orc:2    | Found Tagoto Xeka's General Store.
 14419 | Orc:2    | Found Emeupis's Antique Weapon Shop.
 14923 | Lair:4   | Found a transporter.
 14952 | Lair:4   | Found a transporter.
 14976 | Lair:4   | Reached skill level 10 in Fighting
 15027 | Lair:4   | Reached skill level 14 in Shapeshifting
 15030 | Lair:4   | Reached XP level 14. HP: 143/143 MP: 4/13
 15307 | Lair:4   | Found a staircase to the Slime Pits.
 15313 | Lair:4   | Found a viscous altar of Jiyva.
 15790 | Lair:5   | Entered Level 5 of the Lair of Beasts
 16197 | Lair:5   | Reached skill level 15 in Shapeshifting
 16401 | Lair:5   | Found the +3 pair of mountain boots {steadfast, rC+}
 18109 | D:14     | Identified the +4 robe "Assur" {Int+4 Dex-3}
 18126 | D:14     | Found a gate to the Vaults.
 18167 | D:14     | Reached XP level 15. HP: 108/153 MP: 5/14
 18505 | D:14     | Noticed Lodul
 18512 | D:14     | Killed Lodul
 18900 | D:14     | Reached skill level 16 in Shapeshifting
 19591 | D:15     | Entered Level 15 of the Dungeon
 19708 | D:15     | Found a staircase to the Depths.
 19848 | D:15     | Found a runed translucent door.
 20005 | Orc:2    | Bought the +1 robe of Vines {NoPotionHeal Regen++++} for
                  | 2560 gold pieces
 20005 | Orc:2    | Found the +1 robe of Vines {NoPotionHeal Regen++++}
 20171 | D:15     | Identified the +1 war axe "Nuimm" {drain, Int+2}
 20214 | D:15     | Found a glowing golden altar of the Shining One.
 20367 | D:15     | Paralysed by a hornet for 2 turns
 20597 | D:15     | Noticed Renyugh's ghost (journeyman MiFi)
 20607 | D:15     | Killed Renyugh's ghost
 20923 | Swamp:1  | Entered Level 1 of the Swamp
 21572 | Swamp:1  | Reached skill level 17 in Shapeshifting
 21584 | Swamp:1  | Noticed a fenstrider witch
 21585 | Swamp:1  | Noticed a thorn hunter
 21594 | Swamp:1  | Killed a fenstrider witch
 21600 | Swamp:1  | Killed a thorn hunter
 21802 | Swamp:2  | Noticed a fenstrider witch
 21809 | Swamp:2  | Killed a fenstrider witch
 22384 | Swamp:2  | Reached XP level 16. HP: 112/165 MP: 6/15
 22526 | Swamp:3  | Reached skill level 1 in Armour
 23180 | Swamp:4  | Entered Level 4 of the Swamp
 23208 | Swamp:4  | Noticed a tentacled monstrosity
 23216 | Swamp:4  | Killed a tentacled monstrosity
 23272 | Swamp:4  | Noticed Roxanne
 23283 | Swamp:4  | Killed Roxanne
 23431 | Swamp:4  | Reached XP level 17. HP: 175/175 MP: 7/16
 23537 | Swamp:4  | Noticed a bone dragon
 23545 | Swamp:4  | Killed a bone dragon
 23546 | Swamp:4  | Reached skill level 18 in Shapeshifting
 23614 | Swamp:4  | Got a decaying rune of Zot
 23964 | Snake:1  | Entered Level 1 of the Snake Pit
 24240 | Snake:1  | Noticed Aizul
 24244 | Snake:1  | Killed Aizul
 24301 | Snake:1  | Reached skill level 1 in Shields
 24399 | Snake:1  | Noticed Louise
 24412 | Snake:1  | Killed Louise
 24852 | Snake:2  | Found Tilihy's Neck Hole.
 24957 | Snake:2  | Bought an amulet of reflection for 420 gold pieces
 25039 | Snake:2  | Reached XP level 18. HP: 184/184 MP: 8/17
 25255 | Snake:2  | Found Lyres's Assorted Antiques.
 25821 | Snake:3  | Found Owuoce's Magic Scroll Emporium.
 25826 | Snake:3  | Found Hetehiod's Distillery.
 26028 | Snake:3  | Reached skill level 19 in Shapeshifting
 26379 | Snake:4  | Entered Level 4 of the Snake Pit
 26628 | Snake:4  | Reached skill level 5 in Shields
 27241 | Snake:4  | Got a serpentine rune of Zot
 27809 | Vaults:1 | Entered Level 1 of the Vaults
 28129 | Vaults:1 | Reached skill level 20 in Shapeshifting
 28164 | Vaults:1 | Reached XP level 19. HP: 145/192 MP: 9/18
 28620 | Vaults:1 | Found Gozag's Antique Weapon Emporium.
 28622 | Vaults:1 | Found Gozag's Assorted Antiques.
 28624 | Vaults:1 | Noticed Asterion
 28691 | Vaults:1 | Found a portal to a secret trove of treasure.
 28691 | Vaults:1 | Found an opulent altar of Gozag.
 28691 | Vaults:1 | Found Gozag's Antique Armour Shoppe.
 28979 | Vaults:1 | You paid a toll of 5 scrolls of fear to enter a treasure
                  | trove
 28980 | Trove    | Entered a treasure trove
 28989 | Trove    | Identified the +2 battleaxe "Juah" {protect, *Corrode
                  | +Blink rC+}
 29000 | Trove    | Identified the amulet "Efimisag" {Faith Will+}
 29064 | Trove    | Identified the staff of Non Obstante Veredicto {*Slow rElec
                  | rN+ MP+9 Air}
 29099 | Vaults:1 | Killed Asterion
 29261 | Vaults:1 | Bought 3 scrolls labelled MEOLIR KUTAOWI for 300 gold
                  | pieces
 29420 | Orc:2    | Bought a scroll of teleportation for 39 gold pieces
 29420 | Orc:2    | Bought a scroll of teleportation for 39 gold pieces
 29420 | Orc:2    | Bought a scroll of enchant armour for 97 gold pieces
 29675 | Snake:3  | Bought a scroll of blinking for 157 gold pieces
 29675 | Snake:3  | Bought a scroll of teleportation for 63 gold pieces
 29675 | Snake:3  | Bought a scroll of teleportation for 63 gold pieces
 29675 | Snake:3  | Bought a scroll of revelation for 157 gold pieces
 29675 | Snake:3  | Bought a scroll of blinking for 157 gold pieces
 29681 | Snake:3  | Bought a potion of resistance for 190 gold pieces
 29681 | Snake:3  | Bought a potion of haste for 190 gold pieces
 29681 | Snake:3  | Bought a potion of haste for 190 gold pieces
 29681 | Snake:3  | Bought a potion of curing for 57 gold pieces
 29681 | Snake:3  | Bought a potion of curing for 57 gold pieces
 29864 | D:10     | Bought a scroll of enchant armour for 105 gold pieces
 29864 | D:10     | Bought 3 scrolls of revelation for 315 gold pieces
 30103 | Vaults:2 | Found Idetykudwe's Weapon Shop.
 30429 | Vaults:2 | Reached skill level 21 in Shapeshifting
 30955 | Vaults:2 | Found a staircase to the Crypt.
 31147 | Vaults:3 | Noticed Zenata
 31282 | Vaults:3 | Killed Zenata
 31603 | Vaults:3 | Found a flickering gateway to a bazaar.
 31613 | Bazaar   | Entered a bazaar
 31613 | Bazaar   | Found Nigg's Magic Scroll Boutique.
 31613 | Bazaar   | Found Ciderr's Book Shoppe.
 31613 | Bazaar   | Found Yngib's Book Shop.
 31613 | Bazaar   | Found Xyeli's Antique Armour Shoppe.
 31669 | Bazaar   | Bought the +3 hat of Pondering {ponderous, Will+ MP+10
                  | Int+5} for 762 gold pieces
 31669 | Bazaar   | Found the +3 hat of Pondering {ponderous, Will+ MP+10
                  | Int+5}
 31732 | Bazaar   | Bought a scroll of summoning for 76 gold pieces
 31817 | Vaults:3 | Reached skill level 10 in Shields
 31835 | Vaults:3 | Reached XP level 20. HP: 201/201 MP: 19/19
 31930 | Vaults:3 | Identified the +3 short sword of Ihou {freeze, *Rage rPois
                  | rF+ Dex+4}
 32017 | Vaults:3 | Identified the +2 arbalest of Giywn {drain, *Corrode rF+
                  | rN+++ Will+}
 32772 | Vaults:4 | Reached skill level 22 in Shapeshifting
 33005 | Vaults:4 | Found Esmoxo Ymia's Distillery.
 33287 | Vaults:4 | Identified the +0 robe "Jovafees" {rElec rPois Str-2 Dex-2}
 33642 | Vaults:4 | Upgraded the game from 0.31-a0-940-gdaa99269f9 to
                  | 0.31-a0-960-g0fca184906
 33941 | Vaults:5 | Entered Level 5 of the Vaults
 33989 | Vaults:4 | Reached XP level 21. HP: 207/209 MP: 20/20
 34099 | Vaults:5 | Noticed an ancient lich
 34174 | Vaults:5 | Reached skill level 23 in Shapeshifting
 34221 | Vaults:5 | Killed an ancient lich
 34685 | Vaults:5 | Noticed a golden dragon
 34690 | Vaults:5 | Killed a golden dragon
 34851 | Vaults:5 | Identified the +4 dagger "Wuum" {venom, Drain rC+ Str+2
                  | Stlth+}
 34999 | Vaults:5 | Identified the +0 sling of Excruciating Pain {speed, rC++}
 35213 | Vaults:5 | Noticed a dread lich
 35217 | Vaults:5 | Killed a dread lich
 35218 | Vaults:5 | Reached skill level 24 in Shapeshifting
 35621 | Vaults:5 | Identified the +6 morningstar "Taewaut" {freeze, Str+4
                  | Dex+4}
 35621 | Vaults:5 | Identified the +9 sling of Discord {heavy, rPois Int+3}
 35653 | Vaults:5 | Noticed a golden dragon
 35660 | Vaults:5 | Killed a golden dragon
 35661 | Vaults:5 | Reached XP level 22. HP: 200/218 MP: 21/21
 35684 | Vaults:5 | Identified the +9 quarterstaff of Imbalance {freeze, Drain
                  | Str-4 Int+8 Stlth+}
 35684 | Vaults:5 | Identified the ring "Yvops" {rN+ Stlth+}
 35716 | Vaults:5 | Identified the +1 robe "Caer" {rElec}
 35722 | Vaults:5 | Identified the dragon-blood talisman of the Lemon {rN+}
 35757 | Vaults:5 | Got a silver rune of Zot
 35774 | Vaults:5 | Identified the +1 ring mail of the Elven Halls {rPois
                  | Int+6}
 36067 | WizLab   | Identified the "Ecavau"
 36067 | WizLab   | Identified the "Ekkid"
 36067 | Depths:1 | Entered Level 1 of the Depths
 36369 | Depths:1 | Found a gateway to Hell.
 36416 | Depths:1 | Found a one-way gate to the infinite horrors of the Abyss.
 36437 | Depths:1 | Found a glowing silver altar of Zin.
 36962 | Depths:2 | Reached skill level 25 in Shapeshifting
 36968 | Depths:2 | Reached skill level 15 in Shields
 36983 | Depths:2 | Reached skill level 1 in Throwing
 37170 | Depths:2 | Found a one-way gate leading to the halls of Pandemonium.
 37415 | Depths:2 | Found Ryipeh's Jewellery Shoppe.
 37416 | Depths:2 | Found Emym's Book Shop.
 37418 | Depths:2 | Found Uthropao's Jewellery Shoppe.
 37430 | Depths:2 | Bought the ring "Titsich" {rC+ rN+ AC+4 Int-3} for 718 gold
                  | pieces
 37621 | Depths:2 | Found a one-way gateway to a ziggurat.
 37976 | Depths:3 | Noticed Norris
 38105 | Depths:3 | Killed Norris
 38429 | Depths:3 | Acquired a manual of Shields
 38898 | Depths:4 | Entered Level 4 of the Depths
 38900 | Depths:4 | Reached skill level 5 in Throwing
 38945 | Depths:4 | Reached XP level 23. HP: 230/230 MP: 13/22
 38998 | Depths:4 | Noticed a juggernaut
 39002 | Depths:4 | Killed a juggernaut
 39305 | Depths:4 | Found a gate to the Realm of Zot.
 39417 | Depths:4 | Noticed a caustic shrike
 39417 | Depths:4 | Noticed a caustic shrike
 39418 | Depths:4 | Noticed a caustic shrike
 39424 | Depths:4 | Killed a caustic shrike
 39426 | Depths:4 | Killed a caustic shrike
 39433 | Depths:4 | Killed a caustic shrike
 39990 | Elf:1    | Identified the of Yhib
 39990 | Elf:3    | Identified the "Kymna"
 39990 | Elf:3    | Identified the of Xyuteyst
 39990 | Elf:3    | Identified the "Malierha"
 39990 | Zot:1    | Entered Level 1 of the Realm of Zot
 40011 | Zot:1    | Slain by a tentacled monstrosity

Illustrated notes

Levels and vault maps discovered:
D:1:      mushboom_english_gardens, layout_basic
D:2:      layout_basic, nicolae_houndstooth_variations, uniq_crazy_yiuf_cottage
D:3:      wad_lake_hut, layout_loops_cross, mainiacjoe_overflow_chevrons,
          serial_shops, nicolae_shop_bloodbath_and_beyond, uniq_terence
D:4:      layout_cave_pools
D:5:      layout_layer_cave, minitemple, mainiacjoe_overflow_divided_tiny,
          nicolae_elyvilon_temple_path, chequers_ossuary_entry_cave,
          uniq_grinder
D:6:      layout_loops_ring
D:7:      layout_basic, lemuel_doored_altar, lemuel_crystal_altar,
          kb_xom_exploding_sheep, minmay_temple_entry_glassed_door,
          minmay_misc_feat_ornament, minmay_misc_feat_four_crosses
D:8:      layout_basic, pdpol_temple_overflow_zin_treasury_gozag_greed,
          jmf_multi_god_temple2
D:9:      minmay_angry_zag, layout_long_grid, grunt_lair_entry_orc_guard_hut,
          introduction_to_nature_2
D:10:     layout_roguey, serial_shops, shop, dreamdust_gnoll_shepherd,
          uniq_psyche
D:11:     layout_basic
D:12:     layout_basic, zombieorc1_lemuel, uniq_frances
D:13:     layout_cave_pods, minmay_lizard_king
D:14:     layout_basic, david_vaults_4, minivault_26, feat_on_display,
          uniq_lodul
D:15:     gammafunk_enter_depths_forms, layout_cave_pools,
          nicolae_tso_carved_into_rock, ebering_ghost_reflecting_pool
Lair:1:   layout_gridlike, lemuel_fruit_tree
Lair:2:   layout_gridlike, dummy_snake_entry, serial_rivers,
          chequers_serial_rivers_micro_a, chequers_serial_rivers_room_a,
          chequers_serial_rivers_micro_c, chequers_serial_rivers_large_b,
          chequers_serial_rivers_micro_a
Lair:3:   cheibrodos_lair_river_kwai, layout_big_grid,
          nicolae_swamp_entry_splash_gauntlet, nicolae_volcano_entry_hallway,
          minmay_lair_oklob_items
Lair:4:   gammafunk_worm_tunnel, layout_layer_cave,
          nicolae_slime_entry_field_trip
Lair:5:   minmay_lair_end_frog_pond, layout_loops_ring,
          infiniplex_staircase_pool_2
Swamp:1:  nicolae_swamp_standing_stones, layout_basic_swamp,
          nicolae_swamp_big_swirl
Swamp:2:  layout_basic_swamp, evilmike_swamp_ruin_wall
Swamp:3:  layout_basic_swamp, evilmike_swamp_ruin_house_3,
          nicolae_swamp_feature_on_the_river_bank
Swamp:4:  swamp_pestilence, layout_basic_swamp, swamp_pool4,
          infiniplex_staircase_pool, uniq_roxanne
Snake:1:  layout_onion_interference, uniq_aizul, uniq_louise
Snake:2:  layout_grid_shapes, portal_ice_cave_entry_ice_statue_two,
          nicolae_shop_sticking_my_neck_out, minmay_shop_star
Snake:3:  layout_misc_corridors, minmay_shoptagon
Snake:4:  hellmonk_snake_rune_quicksilver_temple, layout_misc_corridors
Orc:1:    layout_caves, rock_pile
Orc:2:    st_orc_town, layout_caves, basic_altar, serial_shops,
          nicolae_shop_hallway_plus
Vaults:1: nicolae_vaults_network_quinsquares
          [nicolae_vaults_network_quincunx_subvault,
          nicolae_vaults_network_quincunx_subvault,
          nicolae_vaults_network_quincunx_subvault,
          nicolae_vaults_network_quincunx_subvault],
          kennysheep_vaults_gozag_temple, vaults_mumra_hexcomb,
          nicolae_vaults_hallways_thing, vaults_room_pool,
          nicolae_vaults_spaceships, v_misc_4,
          nicolae_vaults_trapezoid_lopsided_1, nicolae_vaults_storage_closets_1,
          nicolae_vaults_heart-shaped_vault, nicolae_vaults_trapezoid_2,
          layout_vaults_ring, enter_trove_0, uniq_asterion
Vaults:2: nicolae_vaults_gold_heap, nicolae_vaults_network_s,
          nicolae_vaults_closet_pinwheel_1, nicolae_vaults_six-pack,
          nicolae_vaults_variable_pillar_hall, nicolae_vaults_double_plus_1,
          vaults_mumra_chevron_long, minmay_crypt_entry_simple_round,
          nicolae_vaults_double_plus_1, serial_ice_b,
          vaults_standard_mumra_enter_the_diamond, layout_vaults_quadrants,
          serial_shops, shop
Vaults:3: nicolae_vaults_weapon_check, vaults_room_door_hall,
          vaults_room_ringed_pool, nicolae_vaults_arrows,
          hangedman_vaults_unwind, nicolae_vaults_yaktaur_gun_rack,
          nicolae_vaults_little_squares_6, grunt_vaults_hallway_long,
          vaults_room_grid, nicolae_vaults_closet_pinwheel_4,
          grunt_vaults_diagonal, nicolae_vaults_asterisk,
          nicolae_vaults_trapezoid_3, nicolae_vaults_little_squares_6,
          layout_vaults_maze_bifur, serial_shops, bzr_entry_gold, uniq_zenata
Vaults:4: vaults_mumra_minichess_inversion, v_misc_32,
          nicolae_vaults_octothorpe, vaults_standard_mumra_enter_the_diamond,
          nicolae_vaults_closet_pinwheel_3, vaults_room_semicircle,
          ontoclasm_vaults_eye, nicolae_vaults_theta, ontoclasm_vaults_spin,
          vaults_room_pool, layout_vaults_big_room, serial_shops,
          nicolae_shop_pleasant_corner_grove
Vaults:5: serial_shops
Depths:1: nicolae_cairo_tiling, layout_gridlike, hell_entry,
          minmay_crystal_room, abyss_entry, zin_academy
Depths:2: nicolae_cairo_tiling_very_big, layout_small_grid, enter_ziggurat_d,
          pan_entry, pf_vacation_house_of_asmodeus, grunt_decor_fettered,
          hangedman_decor_diamond_cutter, drop_trap, minmay_shop_grove
Depths:3: kennysheep_ogre_elephant_herders, layout_cave_pools,
          infiniplex_staircase_trident, lightli_too_deep, abyss_entry_glasseish,
          st_stairs_12, hangedman_aviary, uniq_norris
Depths:4: evilmike_zot_entry_argh, layout_gridlike, pf_coc_iceberg,
          abandoned_shop
Zot:1:    layout_misc_corridors

Skill      XL: |  1  2  3  4  5  6  7  8  9 10 11 12 13 14 15 16 17 18 19 20 21 22 23 |
---------------+----------------------------------------------------------------------+-----
Fighting       | 1 2 3 4 5 6 7 8 10 11 12 13 | 13.9
Unarmed Combat | 4 5 6 7 8 9 11 13 14 16 17 18 19 20 21 22 23 24 | 24.3
Shapeshifting  | 4 5 6 8 10 11 12 14 15 17 18 20 21 22 24 25 | 25.0
Armour         | 3 |  3.6
Shields        | 2 6 10 13 14 16 17 | 17.6
Throwing       | 5 7 |  7.6
Dodging        | |  1.5

Action                     |  1- 3 |  4- 6 |  7- 9 | 10-12 | 13-15 | 16-18 | 19-21 | 22-24 || total
---------------------------+-------+-------+-------+-------+-------+-------+-------+-------++-------
  Melee: Unarmed           |    68 |   122 |   201 |   402 |   807 |   590 |   821 |   493 ||  3504
         Punch             |     1 |     4 |    12 |     1 |       |       |       |       ||    18
         Constrict         |       |       |       |    95 |   188 |    18 |       |       ||   301
  Throw: Boomerang         |       |     7 |    12 |     3 |       |       |       |       ||    22
         Large rock        |       |       |       |       |       |    24 |    17 |    48 ||    89
 Invoke: Divine Shield     |       |       |       |     3 |       |     3 |     6 |     3 ||    15
         Cleansing Flame   |       |       |       |       |       |       |       |     1 ||     1
    Use: Scroll            |     2 |     4 |    13 |     5 |    10 |     1 |     9 |     8 ||    52
         Potion            |     1 |     1 |       |       |     3 |     4 |       |     6 ||    15
 Armour: Animal skin       |    31 |     7 |       |       |       |       |       |       ||    38
         Skin              |     6 |       |       |   236 |   559 |   978 |   887 |   616 ||  3282
         Robe              |       |    43 |       |       |    17 |       |       |       ||    60
         Fire dragon scale |       |    29 |    92 |    13 |     1 |       |       |       ||   135
  Dodge: Dodged            |    38 |    67 |   124 |   264 |   420 |   228 |   225 |   165 ||  1531
  Block: Other             |       |       |       |    10 |       |       |       |       ||    10
         Kite shield       |       |       |       |       |     2 |    41 |       |       ||    43
         Tower shield      |       |       |       |       |       |   584 |   890 |   670 ||  2144
         Reflection        |       |       |       |       |       |    64 |    92 |    14 ||   170
   Form: Anaconda          |       |       |       |     1 |     3 |     1 |       |       ||     5
                           |       |       |       |       |     3 |     2 |       |       ||     5
         Beast             |       |       |       |       |     1 |       |       |       ||     1
         Statue            |       |       |       |       |       |     1 |       |       ||     1

Table legend: (Time is in decaauts)
 A = Elapsed time spent in this place.
 B = Non-inter-level travel time spent in this place.
 C = Inter-level travel time spent in this place.
 D = Time resting spent in this place.
 E = Time spent auto-exploring this place.
 F = Levels seen in this place.
 G = Mean time per level.
                   A        B        C        D        E       F      G
               +--------+--------+--------+--------+--------+-----+--------+
         Total |  47812 |  41600 |   6212 |    150 |  31809 |  43 | 1111.9 |
       Dungeon |  15171 |  11836 |   3335 |      0 |   9697 |  15 | 1011.4 |
          Lair |   5444 |   4635 |    809 |      0 |   3612 |   5 | 1088.8 |
         Swamp |   2971 |   2828 |    143 |      0 |   2157 |   4 |  742.8 |
     Snake Pit |   5383 |   4845 |    538 |    150 |   3570 |   4 | 1345.8 |
  Orcish Mines |   1618 |   1347 |    271 |      0 |    889 |   2 |  809.0 |
        Vaults |  10937 |  10077 |    860 |      0 |   7460 |   5 | 2187.4 |
        Depths |   5686 |   5434 |    252 |      0 |   4108 |   4 | 1421.5 |
           Zot |     30 |     30 |      0 |      0 |      0 |   1 |   30.0 |
        Bazaar |    201 |    201 |      0 |      0 |    139 |   1 |  201.0 |
         Trove |    146 |    146 |      0 |      0 |     25 |   1 |  146.0 |
       Ossuary |    220 |    220 |      0 |      0 |    150 |   1 |  220.0 |
               +--------+--------+--------+--------+--------+-----+--------+

Top non-repeatable levels by time:
Vaults:5: 2705 daAuts
Vaults:3: 2220 daAuts
Vaults:4: 2188 daAuts
Vaults:1: 2051 daAuts
Vaults:2: 1771 daAuts
 Snake:1: 1590 daAuts
Depths:4: 1558 daAuts
Depths:2: 1553 daAuts
 Snake:2: 1434 daAuts
  Lair:3: 1430 daAuts
    D:12: 1416 daAuts
    D:14: 1398 daAuts
     D:9: 1381 daAuts
 Snake:4: 1366 daAuts
Depths:3: 1338 daAuts
